Map: Disco Bloodbath LE

Players

Bers - Winner!

  • Race: Zerg Zerg
  • League: Diamond
  • Spawn Location: 9:00

HiIamPi

  • Race: Terran Terran
  • League: Diamond
  • Spawn Location: 3:00

VOD

Have the link to the VOD?

Description

Time

  • Played on: Nov. 25, 2019, 1:03 p.m.
  • Length: 19:59
Show
View Real Time Build Order
Export as new Build Order

Bers Zerg - Winner!

Build Orders: Hatch First 

Get SALT Encoding   

  12  0:00  Drone  
  13  0:08  Drone  
  14  0:20  Overlord  
  14  0:38  Drone x3  
  17  0:52  Hatchery  
  17  0:54  Drone  
  17  1:01  Drone  
  18  1:08  Extractor  
  17  1:16  Spawning Pool, Drone  
  17  1:25  Drone  
  18  1:36  Drone  
  19  1:43  Overlord  
  19  2:02  Queen  
  19  2:04  Queen  
  19  2:05  Zergling x2  
  19  2:06  Zergling x4  
  26  2:10  Metabolic Boost  
  26  2:18  Drone x2  
  28  2:25  Overlord  
  28  2:32  Drone  
  29  2:40  Drone x2  
  31  2:49  Hatchery  
  31  2:51  Drone  
  31  2:53  Drone  
  31  2:57  Pneumatized Carapace  
  32  3:01  Overlord  
  32  3:05  Drone  
  33  3:10  Drone  
  33  3:11  Drone  
  35  3:25  Drone x4  
  39  3:39  Queen  
  41  3:54  Drone x3  
  41  3:55  Overlord, Drone x2  
  46  3:58  Lair  
  46  4:05  Evolution Chamber  
  46  4:07  Drone  
  46  4:08  Drone x4  
  50  4:11  Extractor x2  
  50  4:14  Queen  
  50  4:16  Zergling x4  
  52  4:23  Queen  
  54  4:28  Zergling x8  
  58  4:34  Zerg Melee Weapons Level 1  
  58  4:39  Evolution Chamber, Zergling x6  
  58  4:44  Overlord  
  60  4:51  Overlord  
  61  4:52  Zergling x2  
  61  5:03  Drone  
  61  5:04  Drone x5, Spore Crawler  
  66  5:09  Queen  
  66  5:10  Baneling Nest  
  66  5:13  Drone  
  69  5:14  Drone x4  
  69  5:17  Overlord  
  72  5:30  Zergling x4  
  74  5:36  Zergling x12  
  74  5:37  Zergling x4  
  82  5:55  Overlord x4  
  82  5:58  Centrifical Hooks, Zerg Ground Armor Level 1  
  82  6:07  Overlord x2  
  82  6:20  Zergling x10  
  82  6:21  Zergling x12  
  91  6:26  Zergling x2  
  86  6:37  Baneling x4  
  86  6:42  Hatchery  
  86  6:43  Drone x7  
  92  6:47  Hydralisk Den  
  92  6:48  Zerg Missile Weapons Level 1  
  91  6:55  Zergling x2  
  91  6:56  Zergling x4  
  94  7:28  Extractor  
  93  7:30  Extractor, Drone  
  93  7:31  Drone x2  
  93  7:32  Drone x3  
  93  7:33  Drone x3  
  93  7:34  Zergling x2  
  93  7:35  Zergling x4  
  93  7:36  Baneling  
  104  7:37  Baneling x6  
  104  7:47  Muscular Augments  
  104  7:57  Hydralisk x6  
  116  8:07  Hydralisk Den  
  116  8:09  Zergling x8  
  118  8:28  Baneling x3  
  118  8:29  Baneling x7  
  118  8:33  Hatchery  
  118  8:36  Drone  
  118  8:38  Overlord x5  
  118  8:39  Overlord x3  
  119  8:42  Zerg Melee Weapons Level 2, Zerg Missile Weapons Level 2  
  119  8:58  Grooved Spines, Hatchery  
  118  9:03  Extractor  
  117  9:10  Hydralisk x7  
  117  9:11  Hydralisk x4  
  117  9:12  Overlord  
  117  9:13  Overlord x2  
  116  9:31  Zergling x2  
  116  9:32  Zergling x30  
  116  9:33  Zergling x2  
  130  9:50  Hydralisk x3  
  130  9:51  Hydralisk  
  138  10:08  Hydralisk  
  138  10:09  Hydralisk x6  
  138  10:10  Hatchery  
  138  10:12  Baneling  
  138  10:13  Baneling x5  
  151  10:23  Infestation Pit  
  151  10:24  Extractor  
  149  10:39  Baneling  
  149  10:40  Baneling x12  
  149  10:41  Drone x3  
  149  10:42  Drone x8  
  160  10:43  Drone  
  161  11:01  Drone  
  161  11:02  Drone x7  
  161  11:03  Drone x3  
  172  11:07  Baneling x8  
  172  11:08  Baneling x5  
  172  11:09  Extractor  
  172  11:10  Extractor  
  170  11:12  Drone x3  
  173  11:19  Overseer x2  
  173  11:21  Overseer x3  
  173  11:25  Hive  
  173  11:36  Pathogen Glands  
  173  11:37  Drone x4  
  173  11:38  Drone x6  
  173  12:09  Hydralisk  
  173  12:10  Hydralisk x11  
  196  12:31  Hydralisk  
  196  12:32  Hydralisk  
  195  12:45  Zerg Melee Weapons Level 3, Zerg Missile Weapons Level 3  
  195  12:47  Adrenal Glands  
  195  12:50  Overlord x5  
  195  12:51  Overlord x2  
  195  12:56  Overlord x2  
  195  13:02  Extractor  
  194  13:08  Zergling x2  
  194  13:09  Zergling x10  
  194  13:12  Baneling x6  
  175  13:27  Hydralisk  
  175  13:28  Hydralisk x11  
  175  13:29  Hydralisk  
  192  13:44  Spore Crawler  
  192  13:45  Spine Crawler  
  190  13:48  Overlord x3  
  190  13:49  Spore Crawler  
  189  13:56  Neural Parasite  
  189  14:13  Hydralisk  
  189  14:14  Hydralisk x4  
  199  14:23  Extractor  
  198  14:26  Extractor  
  169  14:34  Hydralisk x7  
  169  14:35  Hydralisk x15  
  177  14:44  Infestor  
  177  14:45  Infestor  
  175  14:49  Zergling x14  
  175  14:50  Zergling x4  
  184  14:56  Infestor  
  179  15:14  Zergling x14  
  179  15:15  Zergling x10  
  190  15:27  Zerg Ground Armor Level 2  
  190  15:31  Spire  
  190  15:32  Spire  
  188  15:37  Zergling x2  
  188  15:38  Zergling x10  
  188  15:39  Baneling  
  188  15:40  Baneling x17  
  188  15:42  Zergling x2  
  195  15:43  Zergling x10  
  195  15:49  Spore Crawler  
  163  16:09  Infestor x2  
  163  16:10  Hydralisk x7  
  163  16:11  Hydralisk x9  
  199  16:44  Extractor  
  199  16:46  Hatchery  
  197  16:51  Extractor, Zerg Flyer Weapons Level 1  
  197  16:53  Greater Spire  
  196  17:13  Baneling  
  196  17:14  Baneling x14  
  196  17:15  Baneling x23  
  112  18:07  Hydralisk x11  
  112  18:08  Hydralisk x10  
  112  18:10  Corruptor x8  
  112  18:11  Corruptor x2  
  150  18:22  Zergling x18  
  159  18:56  Drone x7  
  159  18:57  Drone x2  
  168  19:09  Zergling x2  
  169  19:10  Zergling x42  
  169  19:11  Zergling x2  
  190  19:20  Corruptor  
  190  19:21  Corruptor  
  162  19:33  Zergling x20  
  162  19:34  Zergling x2  
Show
View Real Time Build Order
Export as new Build Order

HiIamPi Terran 

Build Orders: Reaper Expand 

Get SALT Encoding   

  12  0:01  SCV  
  13  0:13  SCV  
  14  0:17  Supply Depot  
  14  0:25  SCV  
  15  0:39  SCV  
  15  0:40  Barracks  
  16  0:45  Refinery  
  16  0:51  SCV  
  17  1:03  SCV  
  18  1:15  SCV  
  19  1:28  Reaper, Orbital Command  
  20  1:40  Command Center  
  20  1:50  Barracks  
  20  1:54  SCV  
  21  2:00  Barracks Reactor  
  21  2:06  Supply Depot, SCV  
  22  2:10  Refinery  
  22  2:19  SCV  
  23  2:25  Factory  
  23  2:32  SCV  
  24  2:37  Barracks Tech Lab  
  24  2:39  Marine x2  
  26  2:45  SCV  
  27  2:53  Orbital Command  
  27  2:56  Stimpack  
  27  2:58  SCV  
  28  3:00  Marine  
  28  3:03  Marine  
  28  3:04  Marine  
  31  3:10  SCV  
  32  3:15  Starport  
  32  3:18  Marine  
  33  3:21  SCV  
  33  3:22  Factory Reactor  
  34  3:27  SCV  
  34  3:28  Marine x2  
  37  3:35  SCV  
  37  3:38  Supply Depot  
  38  3:45  SCV  
  38  3:46  Marine x2  
  38  3:47  SCV  
  38  3:48  Marine  
  43  3:56  Medivac  
  43  3:57  SCV  
  43  4:02  Supply Depot, Hellion  
  48  4:05  SCV  
  48  4:06  Marine x2  
  51  4:10  Supply Depot  
  51  4:19  Marine  
  51  4:20  SCV x2  
  54  4:25  Hellion  
  54  4:29  Medivac  
  58  4:34  Marine, SCV x2  
  58  4:36  Combat Shield  
  60  4:40  Marine x2  
  60  4:44  Supply Depot  
  62  4:46  Supply Depot  
  62  4:47  SCV x2  
  64  4:54  Armory  
  64  5:03  SCV  
  64  5:04  Marine x3, SCV  
  64  5:06  Hellion x2  
  73  5:16  SCV  
  74  5:27  Marine x2  
  74  5:28  Marine  
  77  5:29  SCV x2  
  77  5:34  Command Center  
  79  5:45  Hellion x2, Medivac  
  79  5:46  SCV  
  79  5:49  Refinery x2  
  86  5:50  Engineering Bay  
  86  5:52  Engineering Bay  
  86  6:01  Supply Depot  
  86  6:06  Marine x3, SCV  
  75  6:35  Marine x2  
  75  6:36  Hellion, Marine  
  75  6:37  SCV x2, Hellion, Medivac  
  75  6:38  Terran Infantry Armor Level 1, Terran Infantry Weapons Level 1  
  84  6:51  SCV x2  
  84  6:52  Orbital Command  
  86  6:54  Terran Vehicle And Ship Armor Level 1  
  86  6:56  Marine x3  
  86  7:00  Supply Depot  
  89  7:03  SCV x2  
  89  7:05  Supply Depot  
  89  7:06  Widow Mine  
  89  7:07  Widow Mine  
  95  7:13  Starport Reactor  
  96  7:15  SCV  
  96  7:16  SCV  
  96  7:19  Barracks  
  96  7:20  Barracks, SCV  
  96  7:22  Barracks  
  98  7:27  SCV  
  98  7:28  SCV  
  100  7:32  Widow Mine x2  
  100  7:33  Marauder, SCV  
  100  7:35  Concussive Shells  
  107  7:40  Supply Depot  
  107  7:41  Supply Depot  
  107  7:42  SCV  
  107  7:43  SCV  
  109  7:59  Marine x2  
  109  8:01  Widow Mine x2, SCV x2, Medivac x2  
  109  8:02  SCV  
  122  8:08  Fusion Core  
  122  8:09  Starport  
  122  8:13  SCV  
  117  8:21  Barracks Reactor  
  117  8:22  Barracks Tech Lab, Marine x2, Barracks Reactor  
  117  8:23  Marauder  
  117  8:24  Widow Mine x2  
  117  8:25  SCV x3  
  128  8:35  Supply Depot  
  128  8:38  Supply Depot  
  128  8:39  Command Center, Refinery  
  128  8:40  Terran Infantry Weapons Level 2, Refinery  
  128  8:41  Terran Infantry Armor Level 2  
  128  8:42  Marine x2  
  128  8:43  Marauder  
  128  8:44  Medivac x2  
  136  8:49  Command Center  
  136  9:25  Liberator x2  
  100  9:31  Marine x2  
  100  9:32  Marauder, Marine x4  
  100  9:33  Marauder  
  100  9:34  Widow Mine x2  
  103  9:43  SCV x2  
  107  9:49  Starport Tech Lab  
  107  9:51  Factory  
  107  9:52  Terran Vehicle Weapons Level 1  
  107  9:53  Starport  
  107  9:54  Marauder  
  107  9:57  SCV  
  107  9:58  SCV  
  111  10:00  Planetary Fortress  
  111  10:07  Orbital Command  
  111  10:09  Liberator  
  111  10:19  Supply Depot  
  111  10:21  Marine x4  
  111  10:22  Marauder x2, Marine  
  111  10:23  Widow Mine x2  
  111  10:28  Refinery x2  
  127  10:29  Advanced Ballistics  
  127  10:30  Sensor Tower  
  127  10:38  Factory Tech Lab  
  127  10:40  Starport Reactor  
  127  10:43  Marauder  
  129  10:50  Supply Depot  
  129  10:52  Marine x4  
  129  10:53  Supply Depot, Marauder, Marine x2  
  129  10:55  Liberator x2  
  137  10:59  Liberator  
  137  11:03  Siege Tank  
  144  11:04  Widow Mine x2  
  144  11:05  Marauder  
  144  11:08  Drilling Claws  
  144  11:10  Marine  
  144  11:11  Marine x4  
  147  11:14  Marauder  
  162  11:26  Marauder  
  162  11:28  Terran Infantry Weapons Level 3  
  164  11:40  Terran Infantry Armor Level 3  
  164  11:41  Marine x7  
  171  11:47  Marine  
  172  11:58  Marine  
  172  11:59  Marine x6  
  177  12:05  Marine  
  176  12:09  Liberator  
  176  12:10  Liberator  
  176  12:16  Marine  
  176  12:17  Marine x2  
  179  12:24  Supply Depot  
  185  12:30  Liberator x3  
  160  12:52  Liberator  
  160  12:55  Marauder, Marine x5  
  160  12:56  Marauder, Siege Tank  
  172  13:12  Marine  
  176  13:13  Marine x5  
  176  13:17  Marauder  
  162  13:27  Liberator  
  162  13:28  Liberator  
  162  13:30  Marine x3  
  162  13:31  Marine x2  
  141  13:43  Widow Mine x2, Siege Tank  
  141  13:44  Medivac x2  
  158  13:52  Medivac  
  160  13:57  Liberator x2  
  160  14:05  Liberator  
  166  14:22  Liberator x2  
  146  14:36  Marine x3  
  146  14:37  Marauder, Marine x4  
  146  14:38  Widow Mine x2, Siege Tank  
  132  14:40  Liberator  
  121  14:54  Marine x4  
  121  14:55  Marauder  
  121  14:58  Marauder  
  131  15:00  Liberator x2  
  131  15:03  Terran Ship Weapons Level 1  
  131  15:05  Liberator  
  131  15:10  Supply Depot  
  131  15:12  SCV x4  
  135  15:14  Supply Depot, Marine x2  
  135  15:15  Marine x4  
  135  15:17  Marauder  
  135  15:19  Siege Tank  
  135  15:20  Marauder  
  157  15:32  Marine x3  
  157  15:33  Marine x3  
  163  15:38  Marauder  
  163  15:41  Marine  
  166  15:47  Liberator x4  
  166  15:50  Marine x4  
  166  15:51  Marine x2  
  146  15:59  Marine x2  
  121  16:06  Siege Tank  
  121  16:08  Marine x5  
  121  16:09  Marine  
  142  16:16  Marine  
  143  16:18  Starport x2  
  143  16:22  Command Center  
  143  16:25  Medivac  
  145  16:35  Supply Depot  
  145  16:36  Marine x3  
  145  16:37  Marine x5  
  153  16:41  Siege Tank  
  156  16:47  Medivac x2  
  156  16:54  Marine x8  
  160  16:59  Starport Tech Lab x2  
  168  17:02  Fusion Core  
  168  17:10  Armory  
  168  17:11  Armory  
  168  17:12  Marine x8  
  176  17:29  Marine  
  176  17:30  Marine  
  163  18:03  Medivac x3  
  163  18:04  Medivac  
  135  18:12  Marine  
  116  18:13  Marine x7  
  116  18:14  Siege Tank  
  116  18:15  Siege Tank  
  116  18:30  Marine  
  116  18:31  Marine x7  
  124  18:35  Refinery  
  124  18:37  Refinery  
  124  18:44  Medivac x4  
  124  18:45  Battlecruiser  
  124  18:48  Marine x3  
  145  18:49  Marauder x2  
  137  19:27  Marine  
  137  19:28  Marine x7  
Tags
 
Add a new tag
Caveats
  • Supply blocks, unpowered buildings, or Contaminate may cause inaccurate times.
  • Supply counts are checked every 10 seconds.